 Dungeon Crawl Stone Soup version 0.28-b1-1-g3c77fb2ed1 (webtiles) character file.

Game seed: 4435871770197667181

129 Akaron the Chiller (level 5, -1/31 HPs)
             Began as an Octopode Ice Elementalist on Jan 30, 2022.
             Succumbed to a water moccasin's poison
             ... on level 3 of the Dungeon.
             The game lasted 00:07:10 (2659 turns).

Akaron the Chiller (Octopode Ice Elementalist)      Turns: 2659, Time: 00:07:11

Health: -1/31      AC:  1    Str:  7    XL:     5   Next: 12%
Magic:  9/9        EV: 13    Int: 20    God:
Gold:   101        SH:  0    Dex: 12    Spells: 3/10 levels left

rFire   . . .      SeeInvis .   (no weapon)
rCold   . . .      Faith    .   (no shield)
rNeg    . . .      Spirit   .   (helmet restricted)
rPois   .          Reflect  .   (no amulet)
rElec   .          Harm     .   (no ring)
rCorr   .          Rampage  .   (no ring)
Will    .....                   (no ring)
Stlth   +++.......              (no ring)
HPRegen 0.10/turn               (no ring)
MPRegen 0.11/turn               (no ring)
                                (no ring)
                                (no ring)

@: lethally poisoned (-1 -> -16)
A: almost no armour, amphibious, 8 rings, camouflage 1, gelatinous body 1,
(nimble swimmer 1), tentacles
a: no special abilities


You were on level 3 of the Dungeon.
You visited 1 branch of the dungeon, and saw 3 of its levels.

You collected 101 gold pieces.

Inventory:

Hand Weapons
 b - a +0 spear
 d - a +0 dagger of venom
Scrolls
 c - 3 scrolls of identify {unknown}
 f - a scroll of noise {unknown}
 g - a scroll of summoning {unknown}
Potions
 a - a potion of degeneration {unknown}
 e - a potion of attraction {unknown}


   Skills:
 + Level 0.1 Fighting
 + Level 2.3 Dodging
 - Level 3.0 Stealth
 + Level 3.2 Spellcasting
 + Level 5.3 Ice Magic


You had 3 spell levels left.
You knew the following spells:

 Your Spells              Type           Power      Damage    Failure   Level
a - Freeze                Ice            96%        1d11      1%          1
b - Frozen Ramparts       Ice            48%        1d6       4%          3
c - Ozocubu's Armour      Ice            24%        N/A       4%          3

Your spell library contained the following spells:

 Spells                   Type           Power      Damage    Failure   Level
 Hailstorm                Conj/Ice       13%        3d5       43%         4
 Dispersal                Tloc           1%         N/A       100%        6
 Disjunction              Tloc           1%         N/A       100%        8


Dungeon Overview and Level Annotations

Branches:
Dungeon (3/15)

Altars:

Shops:
D:2 =


Innate Abilities, Weirdness & Mutations

You cannot wear most types of armour.
You are amphibious.
You can wear up to eight rings at the same time.
Your skin changes colour to match your surroundings (Stealth+).
Your rubbery body absorbs attacks. (AC +1, EV +1)
((You are camouflaged when in or above water. (Stealth+)))
You have tentacles for arms and can constrict up to eight enemies at once.


Message History

You freeze the giant cockroach!
You kill the giant cockroach!
You see here a giant cockroach corpse.
You see here a bat corpse.
Found a stone staircase leading down.
Found 17 stones.
There is a stone staircase leading down here.
You see here 17 stones.
A water moccasin comes into view.
The water moccasin barely misses you. The water moccasin barely misses you.
The water moccasin bites you but does no damage.
The water moccasin barely misses you.
The water moccasin bites you but does no damage.
The water moccasin closely misses you. The water moccasin closely misses you.
You see here 17 stones.
The water moccasin barely misses you. The water moccasin closely misses you.
The water moccasin bites you.
You are poisoned.
The water moccasin poisons you!
You feel very sick.
You feel sick.
You feel sick. The water moccasin bites you!
You feel sick.
You feel sick. The water moccasin misses you.
You feel sick.
You feel sick.
You feel sick.
You are no longer poisoned.
The water moccasin bites you but does no damage.
The water moccasin barely misses you. The water moccasin closely misses you.
The water moccasin misses you. The water moccasin bites you.
* * * LOW HITPOINT WARNING * * *
You are lethally poisoned!
The water moccasin poisons you!
You die...

#.# #.#.# #.#
####.# #.##.#.#
#.# #....#
#.#.#.###.#
#.####
##........# #.#
. #....######
#.# .. ##.#...#
#.#
#.#.##.S.####
#.#
###..........##
#.#
.......@......#
#.#
##.#..........#
#.#
#.....<..###.#
#.# #..###...#
#.# #.# ....
.....# #.# #.#
##. ####### #.#
###.#### # #.#
#......† #.#
#†#####. #.#
#.# #.


You could see a water moccasin.

Vanquished Creatures
  Natasha (thrice) (D:2)
  An adder (D:3)
  10 bats
  2 endoplasms (D:2)
  5 giant cockroaches
  5 goblins
  A hobgoblin (D:1)
  3 jackals (D:1)
  5 kobolds
  A quokka (D:2)
  2 ball pythons (D:1)
  2 frilled lizards
  5 rats
45 creatures vanquished.

Notes
Turn   | Place    | Note
-------+----------+-------------------------------------------
     0 | D:1      | Akaron the Octopode Ice Elementalist began the quest for
                  | the Orb.
     0 | D:1      | Reached XP level 1. HP: 11/11 MP: 3/3
   148 | D:1      | Reached XP level 2. HP: 14/17 MP: 1/5
   744 | D:1      | Reached XP level 3. HP: 20/21 MP: 4/6
   857 | D:1      | Found a faded altar of an unknown god.
  1234 | D:2      | Noticed Natasha
  1242 | D:2      | Killed Natasha
  1247 | D:2      | Learned a level 3 spell: Frozen Ramparts
  1322 | D:1      | Learned a level 3 spell: Ozocubu's Armour
  1332 | D:2      | Reached XP level 4. HP: 27/27 MP: 4/7
  1484 | D:2      | Found Dorohot's One-of-a-Kind Rings.
  1574 | D:2      | Reached skill level 5 in Ice Magic
  1622 | D:2      | Noticed Natasha
  1630 | D:2      | Killed Natasha
  1717 | D:2      | Noticed Natasha
  2028 | D:2      | Killed Natasha
  2326 | D:2      | Reached XP level 5. HP: 31/31 MP: 6/9
  2617 | D:3      | Noticed a water moccasin
  2659 | D:3      | Succumbed to a water moccasin's poison

Illustrated notes

Levels and vault maps discovered:
D:1:      shiori_arrival_elements, layout_loops_ring,
          chequers_ecumenical_altar_simple_redux
D:2:      layout_loops_ring, nicolae_shop_unique_rings, uniq_natasha
D:3:      layout_loops_ring

Skill      XL: |  1  2  3  4 |
---------------+-------------+-----
Stealth        | 3 |  3.0
Ice Magic      | 5 |  5.3
Spellcasting   | 3 |  3.2
Fighting       | |  0.1
Dodging        | |  2.3

Action                   |  1- 3 |  4- 6 || total
-------------------------+-------+-------++-------
Melee: Unarmed           |     6 |     2 ||     8
       Tentacles         |     2 |     1 ||     3
       Constrict         |     1 |     2 ||     3
 Cast: Freeze            |    39 |    22 ||    61
 Stab: Sleeping          |     1 |       ||     1
Armor: Skin              |     4 |     4 ||     8
Dodge: Dodged            |    34 |    22 ||    56
